 Seeded DCSS version 0.30-a0-883-g5ad918d77d (webtiles) character file.

Game seed: 7547814903460644772 (custom seed)

39 tkbsonic5 the Shield-Bearer (level 3, -7/33 HPs)
             Began as a Minotaur Fighter on Mar 16, 2023.
             Killed by nerve-wracking pain
             ... invoked by Jessica
              (14 damage)
             ... on level 2 of the Dungeon.
             The game lasted 00:02:26 (682 turns).

tkbsonic5 the Shield-Bearer (Minotaur Fighter)       Turns: 682, Time: 00:02:27

Health: -7/33      AC:  7    Str: 22    XL:     3   Next: 26%
Magic:  2/2        EV:  9    Int:  5    God:
Gold:   47         SH:  4    Dex:  9    Spells: 2/2 levels left

rFire   . . .      SeeInvis .    a - +0 war axe
rCold   . . .      Faith    .    c - +0 buckler
rNeg    . . .      Spirit   .    b - +0 scale mail
rPois   .          Reflect  .    (helmet restricted)
rElec   .          Rampage  .    (no cloak)
rCorr   .                        (no gloves)
Will    .....                    (no boots) Stlth
                                 (no amulet)
HPRegen 0.25/turn                (no ring)
MPRegen 0.08/turn                (no ring)

@: mighty
A: horns 2, retaliatory headbutt
a: no special abilities


You were on level 2 of the Dungeon.
You visited 1 branch of the dungeon, and saw 2 of its levels.

You collected 47 gold pieces.

Inventory:

Hand Weapons
 a - a +0 war axe (weapon)
Armour
 b - a +0 scale mail (worn)
 c - a +0 buckler (worn)
Scrolls
 e - a scroll of identify {unknown}
 g - a scroll of magic mapping {unknown}
 j - a scroll of enchant weapon {unknown}
 k - a scroll of vulnerability {unknown}
Potions
 d - a potion of might
 f - a potion of haste {unknown}
 h - 2 potions of experience {unknown}
 i - a potion of cancellation {unknown}


   Skills:
 * Level 4.1 Fighting
 * Level 3.0 Axes
 * Level 4.1 Armour
 * Level 4.1 Shields


You had 2 spell levels left.
You didn't know any spells.
Your spell library was empty.

Dungeon Overview and Level Annotations

Branches:
Dungeon (2/15)

Altars:

Annotations:
D:2 Jessica


Innate Abilities, Weirdness & Mutations

You have a pair of horns on your head.
You reflexively headbutt those who attack you in melee.


Message History

You are too injured to fight recklessly!
Unknown command.
You hit the worm.
The worm is heavily wounded.
You barely miss the hobgoblin. You closely miss the adder.
The adder barely misses you. You furiously retaliate!
You headbutt the adder. The hobgoblin hits you.
The adder bites you but does no damage. The hobgoblin closely misses you.
The worm bites you but does no damage.
You slash the worm!
The worm is almost dead.
You hit Jessica. You hit the hobgoblin.
You kill the hobgoblin!
You barely miss the adder. The adder bites you.
Jessica hits you but does no damage. The adder closely misses you.
The worm bites you.
* * * LOW HITPOINT WARNING * * *
You slash the worm!
You kill the worm!
You barely miss the adder. You barely miss Jessica.
The adder completely misses you. You furiously retaliate!
You headbutt the adder. Jessica hits you with a +0 club.
* * * LOW HITPOINT WARNING * * *
The adder barely misses you. You block Jessica's attack.
Your Axes skill increases to level 3!
You have reached level 3!
Your experience leads to an increase in your attributes!
Increase (S)trength, (I)ntelligence, or (D)exterity?
You feel stronger. x2
You feel very mighty all of a sudden. The adder barely misses you.
You block Jessica's attack.
You hit Jessica.
Jessica is moderately wounded.
You slash the adder!
You kill the adder!
Jessica barely misses you.
You barely miss Jessica.
Jessica is moderately wounded.
Jessica casts a spell at you. Pain shoots through your body!
You die...

#. #>......#..# #.. #
####.####..# #.. #.#
#..# #.† ..# #..# #.. #
# #..# #..
#.#.########..# #..
#..........#..########..
......$###.#...........#
#......@......##########
#.#.##)@......# #.....
......##.##.# #<####
...###.##.##.# #.# #.#
#...#...# #.# # ####
#### #.# #.# #.# #.#


You could see Jessica.

Vanquished Creatures
  An adder (D:2)
  A worm (D:2)
  2 ball pythons
  3 bats (D:1)
  An endoplasm (D:1)
  4 goblins
  5 hobgoblins
  2 frilled lizards
  3 kobolds
  2 rats (D:1)
24 creatures vanquished.

Notes
Turn   | Place    | Note
-------+----------+-------------------------------------------
     0 | D:1      | tkbsonic5 the Minotaur Fighter began the quest for the Orb.
     0 | D:1      | Reached XP level 1. HP: 19/19 MP: 0/0
    38 | D:1      | Found a faded altar of an unknown god.
   113 | D:1      | Reached XP level 2. HP: 17/27 MP: 1/1
   670 | D:2      | Noticed Jessica
   680 | D:2      | Reached XP level 3. HP: 6/33 MP: 2/2
   682 | D:2      | Killed from afar by Jessica

Illustrated notes

Levels and vault maps discovered:
D:1:      lordsloth_arrival_two_stooges, layout_basic,
          chequers_ecumenical_altar_simple
D:2:      layout_loops_ring, uniq_jessica

Skill      XL: |  1  2 |
---------------+-------+-----
Shields        | 4 |  4.1
Armour         | 4 |  4.1
Fighting       | 4 |  4.1
Axes           | 3 |  3.0

Action                     || total
---------------------------++-------
  Melee: War axe           ||    40
         Headbutt          ||     3
    Use: Potion            ||     1
 Armour: Scale mail        ||    24
  Dodge: Dodged            ||    24
  Block: Buckler           ||    13

Table legend: (Time is in decaauts)
 A = Elapsed time spent in this place.
 B = Non-inter-level travel time spent in this place.
 C = Inter-level travel time spent in this place.
 D = Time resting spent in this place.
 E = Time spent auto-exploring this place.
 F = Levels seen in this place.
 G = Mean time per level.
                   A        B        C        D        E       F      G
               +--------+--------+--------+--------+--------+-----+--------+
         Total |    697 |    668 |     29 |      0 |    555 |   2 |  348.5 |
       Dungeon |    697 |    668 |     29 |      0 |    555 |   2 |  348.5 |
               +--------+--------+--------+--------+--------+-----+--------+

Top non-repeatable levels by time:
     D:1: 493 daAuts
     D:2: 204 daAuts
